 Dungeon Sprint DCSS version 0.16-a0-4008-gc88e425 (webtiles) character file.

14 PolkaDot the Caller (level 2, 0/28 HPs)
             Began as a Vampire Summoner on Feb 16, 2015.
             Was an Initiate of Sif Muna.
             Slain by Blork the orc
             ... wielding a +2 mace of protection
              (5 damage)
             ... in the Dungeon (Sprint VII: "The Pits").
             The game lasted 00:02:35 (295 turns).

PolkaDot the Caller (Vampire Summoner)               Turns: 295, Time: 00:02:36

Health: 0/28       AC:  2    Str: 12    XL:     2   Next: 31%
Magic:  2/4        EV: 12    Int: 17    God:    Sif Muna [......]
Gold:   0          SH:  0    Dex: 14    Spells: 1 memorised, 4 levels left

rFire  . . .     SeeInvis +     j - staff of energy
rCold  . . .     Clarity  .     a - +0 robe
rNeg   . . .     SustAb   .     (no shield)
rPois  .         Gourm    .     (no helmet)
rElec  .         Spirit   .     (no cloak)
rCorr  .         Warding  .     (no gloves)
rMut   .         NoTele   +     (no boots)
MR     .....                    (no amulet)
Stlth  ..........               (no ring)
                                (no ring)

@: berserking (expiring), very slightly contaminated, regenerating quickly,
hasted, invisible, very quick, not resistant to hostile enchantments, extremely
unstealthy
A: bottle blood, fangs 3, see invisible, unbreathing
a: Renounce Religion


You were in the Dungeon.
You worshipped Sif Muna.
Sif Muna was noncommittal.
You were full.

You visited 1 branch

Inventory:

Missiles
 e - a throwing net (quivered)
Armour
 a - a +0 robe (worn)
Magical staves
 j - an uncursed staff of energy (weapon)
Scrolls
 i - a scroll of blinking
 k - 3 scrolls of remove curse
 l - 5 scrolls of amnesia
 m - a scroll of summoning
 n - 2 scrolls of vulnerability
Potions
 d - a potion of curing
 g - 4 potions of magic
 h - a potion of berserk rage
Books
 b - a book of Callings

   Spells                             Type                      Level
   a - Summon Small Mammal            Summoning                    1
   b - Call Imp                       Summoning                    2
   c - Call Canine Familiar           Summoning                    3
   d - Summon Guardian Golem          Hexes/Summoning              4
   e - Summon Lightning Spire         Summoning/Air                4
   f - Summon Ice Beast               Ice/Summoning                4


   Skills:
 - Level 2.1 Dodging
 - Level 3.0 Stealth
 - Level 2.0 Spellcasting
 * Level 6.0 Summonings
 + Level 1.5 Evocations


You had 4 spell levels left.
You knew the following spells:

 Your Spells              Type           Power        Failure   Level  Hunger
z - Summon Small Mammal   Summ           ###.         1%          1    None


Dungeon Overview and Level Annotations

Branches:
Dungeon (1/1)

Altars:
Ashenzari
Cheibriados
Dithmenos
Elyvilon
Fedhas
Gozag
Kikubaaqudgha
Makhleb
Nemelex Xobeh
Okawaru
Qazlal
Ru
Sif Muna
Trog
Vehumet
Xom
Yredelemnul
Zin
The Shining One
Beogh
Jiyva
Lugonu

Annotations:
D Blork the orc


Innate Abilities, Weirdness & Mutations

Your natural rate of healing is unusually fast.
You can bottle blood from corpses.
You have razor-sharp teeth.
You have supernaturally acute eyesight.
You can survive without breathing.


Message History

The bat skeleton closely misses you.
You hit Blork the orc.
Blork the orc is lightly wounded.
The bat skeleton hits you but does no damage.
The bat skeleton barely misses you.
Blork the orc screams, "You are the ugliest creature I've ever seen!"
Blork the orc hits you with a mace of protection!
* * * LOW HITPOINT WARNING * * *
Your quokka bites Blork the orc.
You hit Blork the orc.
Blork the orc is heavily wounded.
Blork the orc closely misses you.
Your quokka bites Blork the orc but does no damage.
You catch the helpless Blork the orc completely off-guard!
You hit Blork the orc.
Blork the orc is heavily wounded.
The bat skeleton closely misses you.
The bat skeleton hits you but does no damage.
Blork the orc hits you with a mace of protection.
You die...

#_#)))'.'%.##..........
#_#)))#.#.(##......#..#
#######'#####..........
#...........'..........
#'#####'#####......#..#
#.#Z.#...'.##..........
#.#..#...#.#####'#####+
#.#..#####.##.......#
#.#..Z@..#.##.......#
#.#.ror))'.##.......#
#.#..########...<...#
#.#.. #.......# #.#..
#.......# #+###
#.......# #########


You could see Blork the orc, a river rat, a bat skeleton and a friendly quokka.

Vanquished Creatures
  A gnoll (D)
  A hobgoblin (D)
  A ball python (D)
  A rat (D)
4 creatures vanquished.

Vanquished Creatures (collateral kills)
  An ufetubus (D)
  A bat zombie (D)
2 creatures vanquished.

Vanquished Creatures (others)
  A shadow dragon (D)
  A mottled draconian (D)
  A blizzard demon (D)
  A mummy priest (D)
  A wandering mushroom (D)
  2 bats (D)
7 creatures vanquished.

Grand Total: 13 creatures vanquished

Notes
Turn   | Place    | Note
--------------------------------------------------------------
     0 | D        | PolkaDot, the Vampire Summoner, began the quest for the Orb.
     0 | D        | Reached XP level 1. HP: 13/13 MP: 3/3
     5 | D        | Killed a blizzard demon
     6 | D        | Killed a wandering mushroom
     9 | D        | Killed a mummy priest
    16 | D        | Killed a shadow dragon
    31 | D        | Killed a mottled draconian
    60 | D        | Found a sacrificial altar of Ru.
    60 | D        | Found a basalt altar of Yredelemnul.
    60 | D        | Found a shadowy altar of Dithmenos.
    60 | D        | Found a deep blue altar of Sif Muna.
    60 | D        | Found a burning altar of Makhleb.
    60 | D        | Found a shimmering altar of Xom.
    60 | D        | Found an ancient bone altar of Kikubaaqudgha.
    60 | D        | Found a sparkling altar of Nemelex Xobeh.
    61 | D        | Found a glowing golden altar of the Shining One.
    61 | D        | Found a bloodstained altar of Trog.
    61 | D        | Found a shattered altar of Ashenzari.
    61 | D        | Found a white marble altar of Elyvilon.
    61 | D        | Found a snail-covered altar of Cheibriados.
    61 | D        | Found a blossoming altar of Fedhas.
    61 | D        | Found a radiant altar of Vehumet.
    61 | D        | Found a glowing silver altar of Zin.
    61 | D        | Found a corrupted altar of Lugonu.
    61 | D        | Found a viscous altar of Jiyva.
    61 | D        | Found a roughly hewn altar of Beogh.
    61 | D        | Found an iron altar of Okawaru.
    64 | D        | Became a worshipper of Sif Muna the Loreminder
    68 | D        | Found a stormy altar of Qazlal.
    69 | D        | Found an opulent altar of Gozag.
    96 | D        | Reached skill level 5 in Summonings
   146 | D        | Reached skill level 6 in Summonings
   146 | D        | Reached skill level 1 in Evocations
   146 | D        | Reached XP level 2. HP: 1/19 MP: 0/4
   272 | D        | Noticed Blork the orc
   295 | D        | Slain by Blork the orc

Action                   || total
-------------------------++-------
Melee: Staff             ||    17
       Unarmed           ||     3
 Cast: Summon Small Mamm ||    11
Evoke: Staff of energy   ||     3
  Use: Potion            ||     7
 Stab: Invisible         ||     2
  Eat: Corpse            ||     3
